 Dungeon Crawl Stone Soup version 0.31-a0-202-g547052bce9 (webtiles) character file.

Game seed: 16607438713409599644

233 qw the Skirmisher (level 5, -2/30 HPs)
             Began as a Deep Elf Hunter on June 26, 2023.
             Slain by a bullfrog (5 damage)
             ... in a sewer.
             The game lasted 00:01:05 (2437 turns).

qw the Skirmisher (Deep Elf Hunter)                 Turns: 2437, Time: 00:01:06

Health: -2/30      AC:  6    Str: 14    XL:     5   Next: 74%
Magic:  7/7        EV: 11    Int: 13    God:
Gold:   130        SH:  0    Dex: 17    Spells: 4/4 levels left

rFire   . . .        Y - +3 shortbow
rCold   . . .        (shield currently unavailable)
rNeg    . . .        i - +0 ring mail
rPois   +            (no helmet)
rElec   .            j - +0 cloak
rCorr   .            (no gloves)
SInv    .            (no boots)
Will    .....        (no amulet)
Stlth   +            (no ring)
HPRegen 0.25/turn    (no ring)
MPRegen 0.10/turn

%: no passive effects
@: no status effects
A: poison resistance, strong 1
a: no special abilities


You were in a sewer.
You visited 1 branch of the dungeon, and saw 3 of its levels.
You also visited: Sewer.

You collected 130 gold pieces.


Innate Abilities, Weirdness & Mutations

Your system is resistant to poisons. (rPois)
Your muscles are strong. (Str +4, Int/Dex -1)


   Skills:
 - Level 2.0 Fighting
 - Level 9.0 Ranged Weapons
 + Level 2.7 Dodging
 - Level 1.2 Stealth


You had 4 spell levels left.
You didn't know any spells.
Your spell library was empty.

Inventory:

Hand Weapons
 Y - a +3 shortbow (weapon)
Armour
 i - a +0 ring mail (worn)
 j - a +0 cloak (worn)
Scrolls
 a - 2 scrolls of identify
 b - a scroll of teleportation {unknown}
 c - a scroll of immolation {unknown}
 g - a scroll of brand weapon {unknown}
Potions
 e - a potion of might
 f - a potion of mutation
 h - a potion of enlightenment {unknown}

Dungeon Overview and Level Annotations

Branches:
Dungeon (3/15)              Sewer (1/1)

Altars:

Shops:
D:1 !*[(!


Message History

The adder misses you.
The bullfrog hits you but does no damage.
The bullfrog hits you.
2429 ||| DRINKING 2 potions of heal wounds.
You feel much better. The bullfrog barely misses you. The adder misses you.
The bullfrog hits you. x2
The adder misses you.
The bullfrog hits you but does no damage.
You shoot an arrow. The arrow barely misses the adder.
The bullfrog closely misses you. x2; The adder bites you but does no damage.
The bullfrog barely misses you.
You shoot an arrow. The arrow hits the adder.
The adder is severely wounded.
The bullfrog closely misses you. The adder bites you but does no damage.
The bullfrog misses you.
The bullfrog hits you but does no damage.
The adder bites you but does no damage.
You shoot an arrow. The arrow barely misses the adder.
The bullfrog hits you. The bullfrog barely misses you. The adder bites you.
The bullfrog hits you. x2
2433 ||| DRINKING potion of heal wounds.
You feel much better. The adder barely misses you. The bullfrog misses you.
The bullfrog hits you.
You shoot an arrow. The arrow closely misses the adder.
The bullfrog barely misses you. The adder bites you. The bullfrog hits you.
The bullfrog hits you but does no damage.
The adder barely misses you.
The bullfrog hits you but does no damage.
You shoot an arrow. The arrow hits the adder.
The adder is almost dead.
The bullfrog closely misses you. The bullfrog hits you. The adder bites you.
The bullfrog barely misses you. The bullfrog completely misses you.
You shoot an arrow. The arrow hits the adder!
You kill the adder!
The bullfrog hits you but does no damage.
The bullfrog hits you.
You shoot an arrow. The arrow hits the bullfrog.
The bullfrog is moderately wounded.
The bullfrog hits you.
You die...

#....'..# #....#..#
##...####
#....###################
#......~~~~~~~~~~~~~~~..
##.%..~~~~~~~~~~~~~~~~..
#....~~~~~~~~~~~~~~~~~.
#.....~~~~~~#~~~~~~~~~.
##....~~~~~~~.@F~~~~~%.
###..~~~~~~~~~F~~~~~..
####################


You could see 2 bullfrogs.

Vanquished Creatures
  3 river rats (Sewer)
  13 adders
  3 worms
  An orc (D:3)
  2 endoplasms (D:2)
  5 giant cockroaches
  4 goblins (D:2)
  8 hobgoblins
  3 jackals (D:2)
  3 quokkas (D:1)
  12 ball pythons
  4 bats
  4 frilled lizards
  6 kobolds
  20 rats
91 creatures vanquished.

Notes
Turn   | Place    | Note
-------+----------+-------------------------------------------
     0 | D:1      | qw the Deep Elf Hunter began the quest for the Orb.
     0 | D:1      | Reached XP level 1. HP: 12/12 MP: 3/3
     0 | D:1      | 0 ||| qw: Version: 0.3-a-22-g0ed2b0b
     0 | D:1      | 0 ||| qw: Game counter: 6136
     0 | D:1      | 0 ||| qw: Melee chars always use a shield: true
     0 | D:1      | 0 ||| qw: God list: Okawaru
     0 | D:1      | 0 ||| qw: Allow faded altars: false
     0 | D:1      | 0 ||| qw: Do Orc after clearing Dungeon:15 true
     0 | D:1      | 0 ||| qw: Do second Lair branch before Depths: true
     0 | D:1      | 0 ||| qw: Lair rune preference: random
     0 | D:1      | 0 ||| qw: Goals: Normal
     0 | D:1      | 0 ||| PLANNING D:1-11
    40 | D:1      | Found Caphirut's Armour Shop.
    72 | D:1      | Found Ugrury's Weapon Shoppe.
    74 | D:1      | Found Valulahy's Assorted Antiques.
    90 | D:1      | 90 ||| SHOPLISTING +0 helmet (49 gold, have 9).
    90 | D:1      | 90 ||| SHOPLISTING +0 pair of gloves (49 gold, have 9).
    90 | D:1      | 90 ||| SHOPLISTING +0 pair of gloves of infusion (126 gold,
                  | have 9).
    90 | D:1      | 90 ||| SHOPLISTING +0 ring mail (44 gold, have 9).
    90 | D:1      | 90 ||| SHOPLISTING +3 leather armour (209 gold, have 9).
    91 | D:1      | Found Echoqaz's Distillery.
    95 | D:1      | 95 ||| SHOPLISTING +2 heavy shortbow (243 gold, have 9).
   105 | D:1      | 105 ||| SHOPLISTING potion of curing (39 gold, have 9).
   105 | D:1      | 105 ||| SHOPLISTING potion of enlightenment (65 gold, have
                  | 9).
   105 | D:1      | 105 ||| SHOPLISTING potion of haste (130 gold, have 9).
   105 | D:1      | 105 ||| SHOPLISTING potion of heal wounds (65 gold, have
                  | 9).
   105 | D:1      | 105 ||| SHOPLISTING potion of might (52 gold, have 9).
   105 | D:1      | 105 ||| SHOPLISTING potion of mutation (104 gold, have 9).
   118 | D:1      | 118 ||| SHOPLISTING bloodstained hat (171 gold, have 9).
   118 | D:1      | 118 ||| SHOPLISTING blue potion (17 gold, have 9).
   118 | D:1      | 118 ||| SHOPLISTING glowing amethyst potion (17 gold, have
                  | 9).
   118 | D:1      | 118 ||| SHOPLISTING glowing robe (70 gold, have 9).
   118 | D:1      | 118 ||| SHOPLISTING scroll labelled EXTUSAUKLU (19 gold,
                  | have 9).
   118 | D:1      | 118 ||| SHOPLISTING scroll labelled HAEFIQ KAGI (19 gold,
                  | have 9).
   118 | D:1      | 118 ||| SHOPLISTING shiny emerald ring (95 gold, have 9).
   150 | D:1      | Reached XP level 2. HP: 16/16 MP: 4/4
   287 | D:1      | Found Odyikel's Distillery.
   293 | D:1      | 293 ||| SHOPLISTING potion of curing (42 gold, have 9).
   293 | D:1      | 293 ||| SHOPLISTING potion of enlightenment (70 gold, have
                  | 9).
   293 | D:1      | 293 ||| SHOPLISTING potion of mutation (112 gold, have 9).
   378 | D:1      | Found a faded altar of an unknown god.
   387 | D:1      | Reached skill level 6 in Ranged Weapons
   593 | D:1      | 593 ||| DROPPING scroll of butterflies.
   864 | D:2      | Reached XP level 3. HP: 20/20 MP: 5/5
   877 | D:2      | HP: 5/20 [worm (4)]
  1085 | D:2      | Reached skill level 7 in Ranged Weapons
  1403 | D:2      | Reached XP level 4. HP: 25/25 MP: 6/6
  1661 | D:2      | 1661 ||| UPGRADING to +0 ring mail.
  1671 | D:2      | 1671 ||| DROPPING +0 leather armour.
  1672 | D:2      | 1672 ||| READING 3 scrolls labelled EXTUSAUKLU.
  1673 | D:2      | 1673 ||| READING scroll labelled WOPEOS FARURCH.
  1674 | D:2      | 1674 ||| DRINKING 2 glowing amethyst potions.
  1675 | D:2      | 1675 ||| DRINKING 2 murky yellow potions.
  1675 | D:2      | Gained mutation: Your system is resistant to poisons.
                  | (rPois) [potion of mutation]
  1675 | D:2      | Gained mutation: Your muscles are strong. (Str +4, Int/Dex
                  | -1) [potion of mutation]
  1676 | D:2      | 1676 ||| READING 2 scrolls of identify.
  1676 | D:2      | 1676 ||| IDENTIFYING silvery potion
  1718 | D:3      | 1718 ||| PLANNING SEWER
  2085 | D:3      | Found a glowing drain.
  2086 | D:3      | 2086 ||| UPGRADING to +0 cloak.
  2091 | D:3      | 2091 ||| READING scroll labelled CEUBLU LEHOSKU.
  2092 | D:3      | 2092 ||| READING 3 scrolls labelled CEOCVOE JAMICW.
  2093 | D:3      | 2093 ||| READING 2 scrolls of enchant weapon.
  2093 | D:3      | 2093 ||| ENCHANTING +1 shortbow.
  2094 | D:3      | 2094 ||| READING scroll of enchant weapon.
  2094 | D:3      | 2094 ||| ENCHANTING +2 shortbow.
  2095 | D:3      | 2095 ||| READING 2 scrolls of identify.
  2095 | D:3      | 2095 ||| IDENTIFYING bubbling ruby potion
  2096 | D:3      | 2096 ||| DROPPING potion of degeneration.
  2114 | D:3      | Reached skill level 8 in Ranged Weapons
  2130 | Sewer    | Entered a sewer
  2146 | Sewer    | 2146 ||| Stepping ~*~*~tactically~*~*~ (water).
  2160 | Sewer    | Reached XP level 5. HP: 27/29 MP: 7/7
  2300 | Sewer    | Reached skill level 9 in Ranged Weapons
  2417 | Sewer    | 2417 ||| Stepping ~*~*~tactically~*~*~ (water).
  2428 | Sewer    | HP: 6/30 [bullfrog (2)]
  2429 | Sewer    | 2429 ||| DRINKING 2 potions of heal wounds.
  2433 | Sewer    | 2433 ||| DRINKING potion of heal wounds.
  2435 | Sewer    | HP: 4/30 [bullfrog (6)]
  2437 | Sewer    | Slain by a bullfrog

Levels and vault maps discovered:
D:1:      dpeg_arrival_long_road, layout_basic, serial_shops, shop, shop, shop,
          nicolae_shop_trees, shop, ebering_ecumenical_altar_hall,
          hangedman_decor_riveting, reono_crystal_passage,
          chequers_serial_rivers_small_a
D:2:      layout_basic, minmay_pentomino_t4
D:3:      layout_loops_ring, gup_sewer_entry_glass
Sewer:    sewer_minmay_w

Skill      XL: |  1  2  3  4  5 |
---------------+----------------+-----
Ranged Weapons | 6 7 8 9 |  9.0
Fighting       | 2 |  2.0
Dodging        | |  2.7
Stealth        | |  1.2

Action                     |  1- 3 |  4- 6 || total
---------------------------+-------+-------++-------
   Fire: Shortbow          |   107 |   163 ||   270
    Use: Scroll            |       |     8 ||     8
         Potion            |       |     4 ||     4
 Armour: Leather armour    |     9 |     8 ||    17
         Ring mail         |       |    56 ||    56
  Dodge: Dodged            |    17 |    76 ||    93

Table legend:
 A = Non-vault XP
 B = Vault XP
 C = Vault XP percentage of total XP
 D = Non-vault monster count
 E = Vault monster count
 F = Vault count percentage of total count
                 A         B        C        D         E       F
            +---------+---------+-------+---------+---------+-------
      Total |     137 |     196 |  58.9 |      43 |      48 |  52.7
            +---------+---------+-------+---------+---------+-------
        D:1 |      17 |       0 |   0.0 |      10 |       0 |   0.0
        D:2 |      74 |       9 |  10.8 |      20 |       4 |  16.7
        D:3 |      46 |      33 |  41.8 |      13 |       5 |  27.8
      Sewer |       0 |     154 | 100.0 |       0 |      39 | 100.0
            +---------+---------+-------+---------+---------+-------
